Workbook

Sheet ANEXO 1 ANÁLISIS DE COTIZACIÓN
D2: ANEXO 1 - ANÁLISIS DE COTIZACIONES
D3: PRESTAR EL SERVICIO DE MANTENIMIENTO PREVENTIVO, VERIFICACIÓN, CERTIFICACIÓN DE LOS EQUIPOS TOPOGRÁFICOS Y SOPORTE TECNICO (ESTACIONES TOTALES, RECEPTORES DE PRECISIÓN GNSS, RECEPTORES O NAVEGADORES, DISTANCIÓMETROS Y NIVELES DE PRECISIÓN) DE LOS GRUPOS DE ARQUITECTURA, INGENIERÍA CIVIL Y TOPOGRAFÍA DE LA FISCALÍA GENERAL DE LA NACIÓN.
B4: DESCRIPCIÓN DE LA NECESIDAD | G4: COTIZACIÓN 1 - GEINSTRUMENTOS TOPOGRÁFICOS S.A.S. | I4: COTIZACIÓN 2 - DATUM INGENIERIA S.A.S. | K4: VALOR COTIZACIÓN HÁBIL MÁS BAJA | L4: PROMEDIO | M4: VALOR COTIZACIÓN HÁBIL MÁS ALTA | N4: MEDIA ARITMÉTICA BAJA | P4: ANÁLISIS DE COTIZACIONES
B5: Ítem | C5: Descripción del Bien o Servicio | D5: Unidad de Medida | E5: Cantidad | G5: Valor Unitario sin IVA | I5: Valor Unitario sin IVA | K5: VALOR UNITARIO SIN IVA | L5: VALOR UNITARIO SIN IVA | M5: VALOR UNITARIO SIN IVA | N5: VALOR UNITARIO SIN IVA | P5: Valor Unitario sin IVA | Q5: Valor IVA | R5: Valor Unitario incluido IVA | S5: Valor Total incluido IVA
B6: 1 | C6: MANTENIMIENTO PREVENTIVO Y VERIFICACIÓN METROLÓGICA Y CERTIFICACIÓN DE (5) ESTACIONES TOTALES MARCA PENTAX W825 NX (SEGÚN ESPECIFICACIONES DE LA FICHA TÉCNICA) | D6: Unidad | E6: 5 | G6: 490000 | I6: 850000 | K6: =ROUND(MIN(G6,I6),2) -> 490000 | L6: =ROUND(AVERAGE(G6,I6),2) -> 670000 | M6: =+MAX(G6,I6) -> 850000 | N6: =+ROUND(AVERAGE(K6,L6),2) -> 580000 | P6: =N6 -> 580000 | Q6: =ROUND((+P6*19/100),2) -> 110200 | R6: =+P6+Q6 -> 690200 | S6: =+R6*$E6 -> 3451000
B7: 2 | C7: MANTENIMIENTO PREVENTIVO Y VERIFICACIÓN METROLÓGICA Y CERTIFICACIÓN DE (2) RECEPTORES DE PRECISIÓN GNSS TOPCON (GRS1 Y HIPER II) Y TRIMBLE R12I (SEGÚN ESPECIFICACIONES DE LA FICHA TÉCNICA). | D7: Unidad | E7: 2 | G7: 480000 | I7: 1000000 | K7: =ROUND(MIN(G7,I7),2) -> 480000 | L7: =ROUND(AVERAGE(G7,I7),2) -> 740000 | M7: =+MAX(G7,I7) -> 1000000 | N7: =+ROUND(AVERAGE(K7,L7),2) -> 610000 | P7: =N7 -> 610000 | Q7: =ROUND((+P7*19/100),2) -> 115900 | R7: =+P7+Q7 -> 725900 | S7: =+R7*$E7 -> 1451800
B8: 3 | C8: MANTENIMIENTO PREVENTIVO, VERIFICACION, Y CERTIFICACION DE (7) ESTACIONES TOTALES MARCA TOPCON REFERENCIAS IS, 7000 I, IS 205, ES.105, GTS 102N, GTS 2010) (SEGÚN ESPECIFICACIONES DE LA FICHA TÉCNICA). | D8: Unidad | E8: 7 | G8: 510000 | I8: 870000 | K8: =ROUND(MIN(G8,I8),2) -> 510000 | L8: =ROUND(AVERAGE(G8,I8),2) -> 690000 | M8: =+MAX(G8,I8) -> 870000 | N8: =+ROUND(AVERAGE(K8,L8),2) -> 600000 | P8: =N8 -> 600000 | Q8: =ROUND((+P8*19/100),2) -> 114000 | R8: =+P8+Q8 -> 714000 | S8: =+R8*$E8 -> 4998000
B9: 4 | C9: MANTENIMIENTO PREVENTIVO, VERIFICACION, Y CERTIFICACION DE (18) ESTACIONES TOTALES MARCA NIKÓN REF. NIVO 5C, SOKKIA, H.P. (SEGÚN ESPECIFICACIONES DE LA FICHA TÉCNICA). | D9: Unidad | E9: 18 | G9: 450000 | I9: 870000 | K9: =ROUND(MIN(G9,I9),2) -> 450000 | L9: =ROUND(AVERAGE(G9,I9),2) -> 660000 | M9: =+MAX(G9,I9) -> 870000 | N9: =+ROUND(AVERAGE(K9,L9),2) -> 555000 | P9: =N9 -> 555000 | Q9: =ROUND((+P9*19/100),2) -> 105450 | R9: =+P9+Q9 -> 660450 | S9: =+R9*$E9 -> 11888100
B10: 5 | C10: MANTENIMIENTO PREVENTIVO, VERIFICACION Y CERTIFICACION DE (172) RECEPTORES O NAVEGADORES (GPS GARMIN, MAGELLAN, ARCHER, OSHTECH, MONTANA, TRIMBLE, GENEQ, MAP, OREGON) (SEGÚN ESPECIFICACIONES DE LA FICHA TÉCNICA). | D10: Unidad | E10: 172 | G10: 200000 | I10: 625000 | K10: =ROUND(MIN(G10,I10),2) -> 200000 | L10: =ROUND(AVERAGE(G10,I10),2) -> 412500 | M10: =+MAX(G10,I10) -> 625000 | N10: =+ROUND(AVERAGE(K10,L10),2) -> 306250 | P10: =N10 -> 306250 | Q10: =ROUND((+P10*19/100),2) -> 58187.5 | R10: =+P10+Q10 -> 364437.5 | S10: =+R10*$E10 -> 62683250
B11: 6 | C11: MANTENIMIENTO PREVENTIVO Y VERIFICACIÓN DE (261) DISTANCIOMETROS (LEICA, HILTI, BOSCH, CCHT-T-03, HUNGRÍA, STANLEY, REDLINE) (SEGÚN ESPECIFICACIONES DE LA FICHA TÉCNICA). | D11: Unidad | E11: 261 | G11: 200000 | I11: 580000 | K11: =ROUND(MIN(G11,I11),2) -> 200000 | L11: =ROUND(AVERAGE(G11,I11),2) -> 390000 | M11: =+MAX(G11,I11) -> 580000 | N11: =+ROUND(AVERAGE(K11,L11),2) -> 295000 | P11: =N11 -> 295000 | Q11: =ROUND((+P11*19/100),2) -> 56050 | R11: =+P11+Q11 -> 351050 | S11: =+R11*$E11 -> 91624050
B12: 7 | C12: MANTENIMIENTO PREVENTIVO, VERIFICACION Y CERTIFICACION DE (5) NIVELES DE PRECISIÓN MARCA SOKKIA C-32, TOPCON (SEGÚN ESPECIFICACIONES DE LA FICHA TÉCNICA). | D12: Unidad | E12: 5 | G12: 320000 | I12: 450000 | K12: =ROUND(MIN(G12,I12),2) -> 320000 | L12: =ROUND(AVERAGE(G12,I12),2) -> 385000 | M12: =+MAX(G12,I12) -> 450000 | N12: =+ROUND(AVERAGE(K12,L12),2) -> 352500 | P12: =N12 -> 352500 | Q12: =ROUND((+P12*19/100),2) -> 66975 | R12: =+P12+Q12 -> 419475 | S12: =+R12*$E12 -> 2097375
B13: TOTAL | P13: TOTAL | S13: =SUM(S6:S12) -> 178193575
B15: NOTAS:
B16: 1) Se realizó el estudio con dos (2) cotizaciones, las cuales cumplen con lo solicitado por la Fiscalía General de la Nación.
B17: 2) Se aplica la fórmula de media aritmética baja considerado un margen amplio entre los valores cotizados; por ello, este método permite obtener un valor de referencia y representativo del mercado.
B18: 3) En el presente análisis se aplicó el procedimiento de aproximación generalmente aceptado por las reglas matemáticas denominado redondeo, que consiste en acercar los valores decimales al número entero más aproximado (esto es, si el tercer decimal es menor que 5, el segundo decimal se mantiene; si el tercer decimal es igual o mayor que 5, el segundo decimal se incrementa en uno).
B20: Fecha de elaboración: 16/06/2026
B22: Elaboró | C22: Catherine Herrera Muñoz Pofesional Equipo Estudio del Sector Subdirección Nacional de Gestión Contractual
B23: Aprobó | C23: Gustavo Palacio Olarte Coordinador Equipo Estudio del Sector Subdirección Nacional de Gestión Contractual

Sheet ANEXO 2 ANÁLISIS DE COSTOS HIST
B2: ANEXO 2 - ANÁLISIS DE COSTOS HISTÓRICOS
F3: =+'ANEXO 1 ANÁLISIS DE COTIZACIÓN'!D3 -> PRESTAR EL SERVICIO DE MANTENIMIENTO PREVENTIVO, VERIFICACIÓN, CERTIFICACIÓN DE LOS EQUIPOS TOPOGRÁFICOS Y SOPORTE TECNICO (ESTACIONES TOTALES, RECEPTORES DE PRECISIÓN GNSS, RECEPTORES O NAVEGADORES, DISTANCIÓMETROS Y NIVELES DE PRECISIÓN) DE LOS GRUPOS DE ARQUITECTURA, INGENIERÍA CIVIL Y TOPOGRAFÍA DE LA FISCALÍA GENERAL DE LA NACIÓN.
B4: DESCRIPCIÓN DE LA NECESIDAD | G4: FGN-NC-MC-0047-2025 | I4: IPC OCTUBRE 2025 | J4: IPC MAYO 2026 | L4: ANÁLISIS DE COSTOS HISTÓRICOS
B5: Ítem | C5: Descripción del Bien o Servicio | D5: Unidad de Medida | E5: Cantidad | G5: VALOR UNITARIO SIN IVA | I5: 1.5176 | J5: 1.5891 | L5: Valor Unitario sin IVA | M5: Valor IVA | N5: Valor Unitario incluido IVA | O5: Valor Total incluido IVA
B6: 1 | C6: MANTENIMIENTO PREVENTIVO Y VERIFICACIÓN METROLÓGICA Y CERTIFICACIÓN DE (5) ESTACIONES TOTALES MARCA PENTAX W825 NX (SEGÚN ESPECIFICACIONES DE LA FICHA TÉCNICA) | D6: Unidad | E6: 5 | G6: 423000 | I6: =ROUND(G6/$I$5*$J$5,2) -> 442929.16 | L6: =ROUND(I6,2) -> 442929.16 | M6: =ROUND((L6*19/100),2) -> 84156.54 | N6: =+L6+M6 -> 527085.7 | O6: =+N6*E6 -> 2635428.5
B7: 2 | C7: MANTENIMIENTO PREVENTIVO Y VERIFICACIÓN METROLÓGICA Y CERTIFICACIÓN DE (2) RECEPTORES DE PRECISIÓN GNSS TOPCON (GRS1 Y HIPER II) Y TRIMBLE R12I (SEGÚN ESPECIFICACIONES DE LA FICHA TÉCNICA). | D7: Unidad | E7: 2 | G7: 410300 | I7: =ROUND(G7/$I$5*$J$5,2) -> 429630.82 | L7: =ROUND(I7,2) -> 429630.82 | M7: =ROUND((L7*19/100),2) -> 81629.86 | N7: =+L7+M7 -> 511260.68 | O7: =+N7*E7 -> 1022521.4
B8: 3 | C8: MANTENIMIENTO PREVENTIVO, VERIFICACION, Y CERTIFICACION DE (7) ESTACIONES TOTALES MARCA TOPCON REFERENCIAS IS, 7000 I, IS 205, ES.105, GTS 102N, GTS 2010) (SEGÚN ESPECIFICACIONES DE LA FICHA TÉCNICA). | D8: Unidad | E8: 7 | G8: 437600 | I8: =ROUND(G8/$I$5*$J$5,2) -> 458217.03 | L8: =ROUND(I8,2) -> 458217.03 | M8: =ROUND((L8*19/100),2) -> 87061.24 | N8: =+L8+M8 -> 545278.27 | O8: =+N8*E8 -> 3816947.9
B9: 4 | C9: MANTENIMIENTO PREVENTIVO, VERIFICACION, Y CERTIFICACION DE (18) ESTACIONES TOTALES MARCA NIKÓN REF. NIVO 5C, SOKKIA, H.P. (SEGÚN ESPECIFICACIONES DE LA FICHA TÉCNICA). | D9: Unidad | E9: 18 | G9: 414900 | I9: =ROUND(G9/$I$5*$J$5,2) -> 434447.54 | L9: =ROUND(I9,2) -> 434447.54 | M9: =ROUND((L9*19/100),2) -> 82545.03 | N9: =+L9+M9 -> 516992.57 | O9: =+N9*E9 -> 9305866.3
B10: 5 | C10: MANTENIMIENTO PREVENTIVO, VERIFICACION Y CERTIFICACION DE (172) RECEPTORES O NAVEGADORES (GPS GARMIN, MAGELLAN, ARCHER, OSHTECH, MONTANA, TRIMBLE, GENEQ, MAP, OREGON) (SEGÚN ESPECIFICACIONES DE LA FICHA TÉCNICA). | D10: Unidad | E10: 172 | G10: 169400 | I10: =ROUND(G10/$I$5*$J$5,2) -> 177381.09 | L10: =ROUND(I10,2) -> 177381.09 | M10: =ROUND((L10*19/100),2) -> 33702.41 | N10: =+L10+M10 -> 211083.5 | O10: =+N10*E10 -> 36306362
B11: 6 | C11: MANTENIMIENTO PREVENTIVO Y VERIFICACIÓN DE (261) DISTANCIOMETROS (LEICA, HILTI, BOSCH, CCHT-T-03, HUNGRÍA, STANLEY, REDLINE) (SEGÚN ESPECIFICACIONES DE LA FICHA TÉCNICA). | D11: Unidad | E11: 261 | G11: 161300 | I11: =ROUND(G11/$I$5*$J$5,2) -> 168899.47 | L11: =ROUND(I11,2) -> 168899.47 | M11: =ROUND((L11*19/100),2) -> 32090.9 | N11: =+L11+M11 -> 200990.37 | O11: =+N11*E11 -> 52458487
B12: 7 | C12: MANTENIMIENTO PREVENTIVO, VERIFICACION Y CERTIFICACION DE (5) NIVELES DE PRECISIÓN MARCA SOKKIA C-32, TOPCON (SEGÚN ESPECIFICACIONES DE LA FICHA TÉCNICA). | D12: Unidad | E12: 5 | G12: 268400 | I12: =ROUND(G12/$I$5*$J$5,2) -> 281045.36 | L12: =ROUND(I12,2) -> 281045.36 | M12: =ROUND((L12*19/100),2) -> 53398.62 | N12: =+L12+M12 -> 334443.98 | O12: =+N12*E12 -> 1672219.9
B14: 1) El índice refleja la evolución promedio de los precios de todos los artículos es decir, se refiere a un promedio tomado sobre la base de todos los productos ofrecidos en el mercado.
B15: 2) Para traer a valor presente los precios unitarios, se toma el índice de serie del mes vigente dividido por el índice de serie del mes y año en que fue efectuada la compra. Este resultado se multiplica por el precio de la misma.
B16: 3) En el presente análisis se aplicó el procedimiento de aproximación generalmente aceptado por las reglas matemáticas denominado redondeo, que consiste en acercar los valores decimales al número entero más aproximado (esto es, si el tercer decimal es menor que 5, el segundo decimal se mantiene; si el tercer decimal es igual o mayor que 5, el segundo decimal se incrementa en uno).
B18: Fecha de elaboración: 16/06/2026
B20: Elaboró | C20: Catherine Herrera Muñoz Pofesional Equipo Estudio del Sector Subdirección Nacional de Gestión Contractual
B21: Aprobó | C21: Gustavo Palacio Olarte Coordinador Equipo Estudio del Sector Subdirección Nacional de Gestión Contractual

Sheet ANEXO 3 RESULTADO COTIZACIONES
D2: ANEXO 3 - PROYECCIÓN DE COSTOS
D3: =+'ANEXO 1 ANÁLISIS DE COTIZACIÓN'!D3 -> PRESTAR EL SERVICIO DE MANTENIMIENTO PREVENTIVO, VERIFICACIÓN, CERTIFICACIÓN DE LOS EQUIPOS TOPOGRÁFICOS Y SOPORTE TECNICO (ESTACIONES TOTALES, RECEPTORES DE PRECISIÓN GNSS, RECEPTORES O NAVEGADORES, DISTANCIÓMETROS Y NIVELES DE PRECISIÓN) DE LOS GRUPOS DE ARQUITECTURA, INGENIERÍA CIVIL Y TOPOGRAFÍA DE LA FISCALÍA GENERAL DE LA NACIÓN.
B4: DESCRIPCIÓN DE LA NECESIDAD | G4: ANÁLISIS DE COTIZACIONES | I4: ANÁLISIS DE HISTÓRICOS | K4: PROYECCIÓN DE COSTOS
B5: Ítem | C5: Descripción del Bien o Servicio | D5: Unidad de Medida | E5: Cantidad | G5: VALOR UNITARIO SIN IVA | I5: VALOR UNITARIO SIN IVA | K5: Valor Unitario sin IVA | L5: Valor IVA | M5: Valor Unitario incluido IVA | N5: Valor Total incluido IVA
B6: 1 | C6: MANTENIMIENTO PREVENTIVO Y VERIFICACIÓN METROLÓGICA Y CERTIFICACIÓN DE (5) ESTACIONES TOTALES MARCA PENTAX W825 NX (SEGÚN ESPECIFICACIONES DE LA FICHA TÉCNICA) | D6: Unidad | E6: 5 | G6: ='ANEXO 1 ANÁLISIS DE COTIZACIÓN'!P6 -> 580000 | I6: ='ANEXO 2 ANÁLISIS DE COSTOS HIST'!L6 -> 442929.16 | K6: =ROUND(AVERAGE(AVERAGE(G6,I6),I6),2) -> 477196.87 | L6: =+ROUND((K6*19/100),2) -> 90667.41 | M6: =+K6+L6 -> 567864.28 | N6: =+M6*$E6 -> 2839321.4
B7: 2 | C7: MANTENIMIENTO PREVENTIVO Y VERIFICACIÓN METROLÓGICA Y CERTIFICACIÓN DE (2) RECEPTORES DE PRECISIÓN GNSS TOPCON (GRS1 Y HIPER II) Y TRIMBLE R12I (SEGÚN ESPECIFICACIONES DE LA FICHA TÉCNICA). | D7: Unidad | E7: 2 | G7: ='ANEXO 1 ANÁLISIS DE COTIZACIÓN'!P7 -> 610000 | I7: ='ANEXO 2 ANÁLISIS DE COSTOS HIST'!L7 -> 429630.82 | K7: =ROUND(AVERAGE(AVERAGE(G7,I7),I7),2) -> 474723.12 | L7: =+ROUND((K7*19/100),2) -> 90197.39 | M7: =+K7+L7 -> 564920.51 | N7: =+M7*E7 -> 1129841
B8: 3 | C8: MANTENIMIENTO PREVENTIVO, VERIFICACION, Y CERTIFICACION DE (7) ESTACIONES TOTALES MARCA TOPCON REFERENCIAS IS, 7000 I, IS 205, ES.105, GTS 102N, GTS 2010) (SEGÚN ESPECIFICACIONES DE LA FICHA TÉCNICA). | D8: Unidad | E8: 7 | G8: ='ANEXO 1 ANÁLISIS DE COTIZACIÓN'!P8 -> 600000 | I8: ='ANEXO 2 ANÁLISIS DE COSTOS HIST'!L8 -> 458217.03 | K8: =ROUND(AVERAGE(AVERAGE(G8,I8),I8),2) -> 493662.77 | L8: =+ROUND((K8*19/100),2) -> 93795.93 | M8: =+K8+L8 -> 587458.7 | N8: =+M8*E8 -> 4112210.9
B9: 4 | C9: MANTENIMIENTO PREVENTIVO, VERIFICACION, Y CERTIFICACION DE (18) ESTACIONES TOTALES MARCA NIKÓN REF. NIVO 5C, SOKKIA, H.P. (SEGÚN ESPECIFICACIONES DE LA FICHA TÉCNICA). | D9: Unidad | E9: 18 | G9: ='ANEXO 1 ANÁLISIS DE COTIZACIÓN'!P9 -> 555000 | I9: ='ANEXO 2 ANÁLISIS DE COSTOS HIST'!L9 -> 434447.54 | K9: =ROUND(AVERAGE(AVERAGE(G9,I9),I9),2) -> 464585.66 | L9: =+ROUND((K9*19/100),2) -> 88271.28 | M9: =+K9+L9 -> 552856.94 | N9: =+M9*E9 -> 9951424.9
B10: 5 | C10: MANTENIMIENTO PREVENTIVO, VERIFICACION Y CERTIFICACION DE (172) RECEPTORES O NAVEGADORES (GPS GARMIN, MAGELLAN, ARCHER, OSHTECH, MONTANA, TRIMBLE, GENEQ, MAP, OREGON) (SEGÚN ESPECIFICACIONES DE LA FICHA TÉCNICA). | D10: Unidad | E10: 172 | G10: ='ANEXO 1 ANÁLISIS DE COTIZACIÓN'!P10 -> 306250 | I10: ='ANEXO 2 ANÁLISIS DE COSTOS HIST'!L10 -> 177381.09 | K10: =ROUND(AVERAGE(AVERAGE(G10,I10),I10),2) -> 209598.32 | L10: =+ROUND((K10*19/100),2) -> 39823.68 | M10: =+K10+L10 -> 249422 | N10: =+M10*E10 -> 42900584
B11: 6 | C11: MANTENIMIENTO PREVENTIVO Y VERIFICACIÓN DE (261) DISTANCIOMETROS (LEICA, HILTI, BOSCH, CCHT-T-03, HUNGRÍA, STANLEY, REDLINE) (SEGÚN ESPECIFICACIONES DE LA FICHA TÉCNICA). | D11: Unidad | E11: 261 | G11: ='ANEXO 1 ANÁLISIS DE COTIZACIÓN'!P11 -> 295000 | I11: ='ANEXO 2 ANÁLISIS DE COSTOS HIST'!L11 -> 168899.47 | K11: =ROUND(AVERAGE(AVERAGE(G11,I11),I11),2) -> 200424.6 | L11: =+ROUND((K11*19/100),2) -> 38080.67 | M11: =+K11+L11 -> 238505.27 | N11: =+M11*E11 -> 62249875
B12: 7 | C12: MANTENIMIENTO PREVENTIVO, VERIFICACION Y CERTIFICACION DE (5) NIVELES DE PRECISIÓN MARCA SOKKIA C-32, TOPCON (SEGÚN ESPECIFICACIONES DE LA FICHA TÉCNICA). | D12: Unidad | E12: 5 | G12: ='ANEXO 1 ANÁLISIS DE COTIZACIÓN'!P12 -> 352500 | I12: ='ANEXO 2 ANÁLISIS DE COSTOS HIST'!L12 -> 281045.36 | K12: =ROUND(AVERAGE(AVERAGE(G12,I12),I12),2) -> 298909.02 | L12: =+ROUND((K12*19/100),2) -> 56792.71 | M12: =+K12+L12 -> 355701.73 | N12: =+M12*E12 -> 1778508.7
B13: TOTAL | K13: TOTAL | N13: =SUM(N6:N12) -> 1.2496177e+08
B15: NOTAS:
B16: 1) Se aplica la fórmula de media aritmética baja debido a que el porcentaje diferencial entre el análisis de cotizaciones y análisis de costos históricos amplio, considerado un margen distante entre los valores proyectados. Por ello, este método permite obtener un valor de referencia y representativo del mercado.
B17: 2) En el presente análisis se aplicó el procedimiento de aproximación generalmente aceptado por las reglas matemáticas denominado redondeo, que consiste en acercar los valores decimales al número entero más aproximado (esto es, si el tercer decimal es menor que 5, el segundo decimal se mantiene; si el tercer decimal es igual o mayor que 5, el segundo decimal se incrementa en uno).
B19: Fecha de elaboración: 16/06/2026
B21: Elaboró | C21: Catherine Herrera Muñoz Pofesional Equipo Estudio del Sector Subdirección Nacional de Gestión Contractual
B22: Aprobó | C22: Gustavo Palacio Olarte Coordinador Equipo Estudio del Sector Subdirección Nacional de Gestión Contractual

Sheet ANEXO 4 - ESTUDIO DEL SECTOR 
D2: ANEXO 4 - ESTUDIO DEL SECTOR
D3: =+'ANEXO 1 ANÁLISIS DE COTIZACIÓN'!D3 -> PRESTAR EL SERVICIO DE MANTENIMIENTO PREVENTIVO, VERIFICACIÓN, CERTIFICACIÓN DE LOS EQUIPOS TOPOGRÁFICOS Y SOPORTE TECNICO (ESTACIONES TOTALES, RECEPTORES DE PRECISIÓN GNSS, RECEPTORES O NAVEGADORES, DISTANCIÓMETROS Y NIVELES DE PRECISIÓN) DE LOS GRUPOS DE ARQUITECTURA, INGENIERÍA CIVIL Y TOPOGRAFÍA DE LA FISCALÍA GENERAL DE LA NACIÓN.
B4: DESCRIPCIÓN DE LA NECESIDAD | G4: ESTUDIO DEL SECTOR
B5: Ítem | C5: Descripción del Bien o Servicio | D5: Unidad de Medida | E5: Cantidad | G5: Valor Unitario sin IVA | H5: Valor IVA | I5: Valor Unitario incluido IVA | J5: Valor Total Incluido IVA
B6: 1 | C6: MANTENIMIENTO PREVENTIVO Y VERIFICACIÓN METROLÓGICA Y CERTIFICACIÓN DE (5) ESTACIONES TOTALES MARCA PENTAX W825 NX (SEGÚN ESPECIFICACIONES DE LA FICHA TÉCNICA) | D6: Unidad | E6: 5 | G6: ='ANEXO 3 RESULTADO COTIZACIONES'!K6 -> 477196.87 | H6: =+ROUND((G6*19/100),2) -> 90667.41 | I6: =+G6+H6 -> 567864.28 | J6: =+I6*E6 -> 2839321.4
B7: 2 | C7: MANTENIMIENTO PREVENTIVO Y VERIFICACIÓN METROLÓGICA Y CERTIFICACIÓN DE (2) RECEPTORES DE PRECISIÓN GNSS TOPCON (GRS1 Y HIPER II) Y TRIMBLE R12I (SEGÚN ESPECIFICACIONES DE LA FICHA TÉCNICA). | D7: Unidad | E7: 2 | G7: ='ANEXO 3 RESULTADO COTIZACIONES'!K7 -> 474723.12 | H7: =+ROUND((G7*19/100),2) -> 90197.39 | I7: =+G7+H7 -> 564920.51 | J7: =+I7*E7 -> 1129841
B8: 3 | C8: MANTENIMIENTO PREVENTIVO, VERIFICACION, Y CERTIFICACION DE (7) ESTACIONES TOTALES MARCA TOPCON REFERENCIAS IS, 7000 I, IS 205, ES.105, GTS 102N, GTS 2010) (SEGÚN ESPECIFICACIONES DE LA FICHA TÉCNICA). | D8: Unidad | E8: 7 | G8: ='ANEXO 3 RESULTADO COTIZACIONES'!K8 -> 493662.77 | H8: =+ROUND((G8*19/100),2) -> 93795.93 | I8: =+G8+H8 -> 587458.7 | J8: =+I8*E8 -> 4112210.9
B9: 4 | C9: MANTENIMIENTO PREVENTIVO, VERIFICACION, Y CERTIFICACION DE (18) ESTACIONES TOTALES MARCA NIKÓN REF. NIVO 5C, SOKKIA, H.P. (SEGÚN ESPECIFICACIONES DE LA FICHA TÉCNICA). | D9: Unidad | E9: 18 | G9: ='ANEXO 3 RESULTADO COTIZACIONES'!K9 -> 464585.66 | H9: =+ROUND((G9*19/100),2) -> 88271.28 | I9: =+G9+H9 -> 552856.94 | J9: =+I9*E9 -> 9951424.9
B10: 5 | C10: MANTENIMIENTO PREVENTIVO, VERIFICACION Y CERTIFICACION DE (172) RECEPTORES O NAVEGADORES (GPS GARMIN, MAGELLAN, ARCHER, OSHTECH, MONTANA, TRIMBLE, GENEQ, MAP, OREGON) (SEGÚN ESPECIFICACIONES DE LA FICHA TÉCNICA). | D10: Unidad | E10: 172 | G10: ='ANEXO 3 RESULTADO COTIZACIONES'!K10 -> 209598.32 | H10: =+ROUND((G10*19/100),2) -> 39823.68 | I10: =+G10+H10 -> 249422 | J10: =+I10*E10 -> 42900584
B11: 6 | C11: MANTENIMIENTO PREVENTIVO Y VERIFICACIÓN DE (261) DISTANCIOMETROS (LEICA, HILTI, BOSCH, CCHT-T-03, HUNGRÍA, STANLEY, REDLINE) (SEGÚN ESPECIFICACIONES DE LA FICHA TÉCNICA). | D11: Unidad | E11: 261 | G11: ='ANEXO 3 RESULTADO COTIZACIONES'!K11 -> 200424.6 | H11: =+ROUND((G11*19/100),2) -> 38080.67 | I11: =+G11+H11 -> 238505.27 | J11: =+I11*E11 -> 62249875
B12: 7 | C12: MANTENIMIENTO PREVENTIVO, VERIFICACION Y CERTIFICACION DE (5) NIVELES DE PRECISIÓN MARCA SOKKIA C-32, TOPCON (SEGÚN ESPECIFICACIONES DE LA FICHA TÉCNICA). | D12: Unidad | E12: 5 | G12: ='ANEXO 3 RESULTADO COTIZACIONES'!K12 -> 298909.02 | H12: =+ROUND((G12*19/100),2) -> 56792.71 | I12: =+G12+H12 -> 355701.73 | J12: =+I12*E12 -> 1778508.7
B13: TOTAL | J13: =SUM(J6:J12) -> 1.2496177e+08
B15: EL PRESUPUESTO ASIGNADO AL PROCESO ES POR | F15: =J13 -> 1.2496177e+08
B17: NOTAS:
B18: 1) En el presente análisis se aplicó el procedimiento de aproximación generalmente aceptado por las reglas matemáticas denominado redondeo, que consiste en acercar los valores decimales al número entero más aproximado (esto es, si el tercer decimal es menor que 5, el segundo decimal se mantiene; si el tercer decimal es igual o mayor que 5, el segundo decimal se incrementa en uno).
B20: Fecha de elaboración: 16/06/2026
B22: Elaboró | C22: Catherine Herrera Muñoz Pofesional Equipo Estudio del Sector Subdirección Nacional de Gestión Contractual
B23: Aprobó | C23: Gustavo Palacio Olarte Coordinador Equipo Estudio del Sector Subdirección Nacional de Gestión Contractual
